 Dungeon Crawl Stone Soup version 0.27.1-2-g3b301248ec (webtiles) character file.

Game seed: 13710730402875686910

2904 Borgoz the Protected (level 9, -4/59 HPs)
             Began as a Gargoyle Fighter on Sept 28, 2021.
             Was an Initiate of Okawaru.
             Splashed by a gnoll's acid (8 damage)
             ... on level 5 of the Dungeon.
             The game lasted 00:12:58 (9323 turns).

Borgoz the Protected (Gargoyle Fighter)             Turns: 9323, Time: 00:12:58

Health: -4/59      AC: 23    Str: 21    XL:     9   Next: 78%
Magic:  0/10       EV:  2    Int:  9    God:    Okawaru [......]
Gold:   274        SH: 10    Dex: 11    Spells: 8/8 levels left

rFire    + . .     SeeInvis +   b - +1 whip (elec)
rCold    + . .     Faith    .   c - +0 kite shield
rNeg     + . .     Spirit   +   g - +0 crystal plate armour
rPois    ∞         Reflect  .   (no helmet)
rElec    +         Harm     .   v - scarf {rC+ rF+}
rCorr    .         Rampage  .   f - +1 pair of gloves
Will     .....                  (no boots)
Stlth    ..........             C - amulet of guardian spirit
HPRegen  0.19/turn              s - ring of see invisible
MPRegen  0.12/turn              (no ring)

@: mighty, corroded
A: sickness immunity, AC +6, negative energy resistance 1, electricity
resistance, torment resistance 1, petrification resistance
a: Renounce Religion


You were on level 5 of the Dungeon.
You worshipped Okawaru.
Okawaru was noncommittal.
You visited 1 branch of the dungeon, and saw 7 of its levels.
You also visited: Sewer.

You collected 274 gold pieces.

Inventory:

Hand Weapons
 a - a +0 spectral flail
 b - a +1 whip of electrocution (weapon)
Missiles
 x - 2 throwing nets (quivered)
Armour
 c - a +0 kite shield (worn)
 f - a +1 pair of gloves (worn)
 g - a +0 crystal plate armour (worn)
 l - +0 steam dragon scales
 v - a scarf of resistance (worn)
Jewellery
 d - an amulet of reflection
 s - a ring of see invisible (left hand)
 C - an amulet of guardian spirit (around neck)
Wands
 o - a wand of mindburst (15)
 p - a wand of acid (6)
 F - a wand of flame (17)
Scrolls
 k - 3 scrolls of fog
 m - a scroll of brand weapon
 u - 2 scrolls of teleportation
 y - a scroll of summoning
 E - a scroll of fear
Potions
 e - a potion of curing
 h - 2 potions of haste {unknown}
 i - 2 potions of might
 j - a potion of invisibility {unknown}
 n - 4 potions of heal wounds
 q - a potion of brilliance {unknown}
 r - 4 potions of mutation
 t - 2 potions of degeneration {unknown}
 w - 3 potions of magic {unknown}
 z - 2 potions of berserk rage {unknown}
 A - a potion of flight {unknown}
 B - a potion of experience {unknown}
 D - 2 potions of lignification {unknown}
 G - a potion of cancellation {unknown}


   Skills:
 * Level 8.0 Fighting
 * Level 6.9 Maces & Flails
 * Level 8.0 Armour
 + Level 3.7 Dodging
 - Level 5.5 Shields
 + Level 1.7 Invocations


You had 8 spell levels left.
You didn't know any spells.
Your spell library contained the following spells:

 Spells                   Type           Power      Damage    Failure   Level
 Magic Dart               Conj           0%         1d3       100%        1
 Summon Small Mammal      Summ           0%         N/A       100%        1
 Call Imp                 Summ           0%         N/A       100%        2
 Call Canine Familiar     Summ           0%         N/A       100%        3
 Dazzling Flash           Conj/Hex       0%         N/A       100%        3
 Gell's Gravitas          Tloc           0%         N/A       100%        3
 Mephitic Cloud           Conj/Pois/Air  0%         N/A       100%        3
 Summon Guardian Golem    Hex/Summ       0%         N/A       100%        3
 Teleport Other           Tloc           0%         N/A       100%        3
 Iskenderun's Mystic Bla  Conj/Tloc      0%         2d3       100%        4
 Dispersal                Tloc           0%         N/A       100%        6
 Starburst                Conj/Fire      0%         6d3       100%        6
 Spellforged Servitor     Conj/Summ      0%         N/A       100%        7


Dungeon Overview and Level Annotations

Branches:
Dungeon (7/15)             Temple (0/1) D:5           Sewer (visited)

Altars:
Fedhas
Makhleb
Okawaru
Qazlal
Trog
Uskayaw
Wu Jian

Annotations:
D:5 1 transporter, Crownlay's ghost, novice MiMo
D:7 3 runed translucent doors, Metae's ghost, novice HOFi


Innate Abilities, Weirdness & Mutations

You are immune to sickness and miasma.
Your stone body is resilient. (AC +6)
You are immune to poison.
You resist negative energy. (rN+)
You are resistant to electric shocks. (rElec)
You are resistant to unholy torment.
You are immune to petrification.


Message History

You block the gnoll's attack.
The gnoll hits you from afar with a +1 spear of venom.
The gnoll sergeant hits you but does no damage.
You feel better. The gnoll hits you with a +0 spear.
The gnoll hits you but does no damage.
The gnoll sergeant hits you but does no damage.
You feel much better.
The gnoll zaps a wand.
The bolt of acid hits you!!
You are splashed with acid!
The gnoll hits you but does no damage. You block the gnoll sergeant's attack.
You feel very mighty all of a sudden. You block the gnoll's attack.
The gnoll sergeant hits you from afar with a +1 spear of venom.
The gnoll hits you with a +0 flail. You block the gnoll's attack.
The gnoll hits you but does no damage. You block the gnoll sergeant's attack.
There is an open translucent door here.
Things that are here:
a +1 spear of venom; a throwing net; a gnoll corpse You completely miss the gnoll sergeant.
You block the gnoll's attack. The gnoll barely misses you.
You block the gnoll's attack. x2
The gnoll sergeant hits you but does no damage.
Your shield prevents you from hitting the gnoll sergeant.
The gnoll hits you but does no damage. The gnoll barely misses you.
You block the gnoll's attack.
The gnoll hits you from afar with a +1 spear of venom!
* * * LOW HITPOINT WARNING * * *
The gnoll sergeant hits you but does no damage.
The gnoll shouts!
You whack the gnoll sergeant!
Lightning courses through the gnoll sergeant!
The gnoll sergeant is almost dead.
You block the gnoll's attack. The gnoll hits you but does no damage.
You block the gnoll's attack. x2
The gnoll sergeant hits you but does no damage.
The gnoll zaps a wand.
The bolt of acid hits the gnoll!
The gnoll is splashed with acid.
The gnoll dies!
The bolt of acid hits you!
* * * LOW HITPOINT WARNING * * *
You are splashed with acid!
You die...

.#........#### #..# #......#.
.#........#########..########.##.
.#.............................#.
...≈≈≈≈≈≈≈≈≈≈≈≈≈≈≈≈≈≈≈≈≈≈≈≈≈.#.#.
...≈≈≈≈≈≈≈≈≈≈≈≈≈≈≈≈≈≈≈≈≈≈≈≈≈.#...
.#.≈≈#####...........#####≈≈.##..
...≈≈#g..#.###.©.###.#...#≈≈.##..
...≈≈#gg.###.#####.###...#≈≈.##..
.#.≈≈###......gg@......###≈≈.##..
.#.≈≈.8#g######)######.#8.≈≈....>
.#.≈≈.##g#$Wg#8g.#.⌠.#.##.≈≈..##.
...≈≈.#gg'$.:#⌠©.g...'..#.≈≈.###.
...≈≈.##g#..!#8..#.⌠.#.##.≈≈.# #.
.#.≈≈.8#.######'######.#8.≈≈.# #.
.#.≈≈###....g..........###≈≈.# #.
.#.≈≈#...###©#####.###...#≈≈.###.
.#.≈≈#g..#.###.©.###.#...#≈≈...#.


You could see a gnoll sergeant and 2 gnolls.

Vanquished Creatures
  A steam dragon (D:6)
  2 vampire mosquitoes (D:6)
  Duvessa (D:5)
  An orc warrior (D:6)
  2 ice beasts
  An ogre (D:6)
  2 centaurs
  A necrophage (D:6)
  2 phantoms
  A kobold brigand (D:6)
  Dowan (D:5)
  A gnoll sergeant (D:5)
  A scorpion (D:6)
  2 water moccasin zombies
  6 killer bees (D:4)
  2 electric eels (D:7)
  2 centaur zombies
  3 orc priests
  2 gnoll shamans
  2 jellies
  A hound (D:6)
  An iguana (D:5)
  Ijyb (D:4)
  2 orc wizards
  A scorpion zombie (D:4)
  A hound skeleton (D:4)
  2 hound zombies (D:4)
  2 howler monkey zombies (D:6)
  7 adders
  23 gnolls
  2 shadow imps
  2 ufetubi
  An adder zombie (D:4)
  3 worms
  2 dart slugs (D:1)
  22 orcs
  6 endoplasms
  A giant cockroach (D:2)
  7 goblins
  13 hobgoblins
  15 jackals
  3 quokkas (D:1)
  11 ball pythons
  4 bats
  10 frilled lizards
  A jackal skeleton (D:4)
  20 kobolds
  3 rats
203 creatures vanquished.

Vanquished Creatures (others)
  2 gnolls (D:5)
  A bush (D:6)
  22 plants
  3 withered plants (D:4)
28 creatures vanquished.

Grand Total: 231 creatures vanquished

Notes
Turn   | Place    | Note
-------+----------+-------------------------------------------
     0 | D:1      | Borgoz the Gargoyle Fighter began the quest for the Orb.
     0 | D:1      | Reached XP level 1. HP: 14/14 MP: 1/1
   209 | D:1      | Reached XP level 2. HP: 6/19 MP: 2/2
   667 | D:1      | Reached XP level 3. HP: 23/23 MP: 3/3
  1272 | D:1      | Reached XP level 4. HP: 8/29 MP: 4/4
  1793 | D:2      | Reached skill level 1 in Dodging
  2229 | D:3      | Reached XP level 5. HP: 28/33 MP: 5/5
  2383 | D:3      | Found a faded altar of an unknown god.
  2957 | D:3      | Reached XP level 6. HP: 38/39 MP: 6/6
  3224 | D:4      | Reached skill level 5 in Fighting
  3224 | D:4      | Reached skill level 5 in Armour
  3224 | D:4      | Reached XP level 7. HP: 13/44 MP: 7/7
  3226 | D:4      | HP: 2/44 [killer bee (2)]
  4701 | D:5      | Entered Level 5 of the Dungeon
  4701 | D:5      | Noticed Dowan
  4704 | D:5      | Noticed Duvessa
  4725 | D:5      | Killed Duvessa
  4726 | D:5      | Reached XP level 8. HP: 44/51 MP: 8/8
  4736 | D:5      | Killed Dowan
  4737 | D:5      | Reached skill level 5 in Maces & Flails
  4827 | D:5      | Noticed Ijyb
  5009 | D:4      | Killed Ijyb
  5282 | D:5      | Found a burning altar of Makhleb.
  5449 | D:5      | Found a stormy altar of Qazlal.
  5491 | D:5      | Noticed Crownlay's ghost (novice MiMo)
  5533 | D:5      | Found a staircase to the Ecumenical Temple.
  5605 | D:5      | Found a transporter.
  5605 | D:5      | Found a transporter.
  5783 | D:5      | Reached skill level 5 in Shields
  6398 | D:6      | Reached XP level 9. HP: 34/56 MP: 9/9
  6404 | D:6      | Found a blossoming altar of Fedhas.
  6444 | D:6      | Found a hide-covered altar of Uskayaw.
  6615 | D:6      | Found an iron altar of Okawaru.
  6622 | D:6      | Became a worshipper of Warmaster Okawaru
  6721 | D:6      | Found a glowing drain.
  6738 | Sewer    | Entered a sewer
  7687 | D:6      | Reached skill level 1 in Invocations
  7755 | D:6      | Found an ornate altar of the Wu Jian Council.
  8233 | D:6      | Found a bloodstained altar of Trog.
  8562 | D:7      | Got Sif Muna's Incunabulum of Creative Conjuration
  8873 | D:7      | Found a runed translucent gate.
  8877 | D:7      | Found a runed translucent gate.
  8878 | D:7      | Found a runed translucent gate.
  9217 | D:7      | Noticed Metae's ghost (novice HOFi)
  9323 | D:5      | Splashed by a gnoll's acid

Illustrated notes

Levels and vault maps discovered:
D:1:      dpeg_arrival_rooms_a, layout_loops_ring, kennysheep_flooded_box,
          minmay_indecisive_spiral
D:2:      layout_rooms, cheibrodos_gnoll_hut
D:3:      layout_loops_ring, chequers_ecumenical_altar_simple_redux
D:4:      layout_basic, serial_undead, serial_undead_c, serial_undead_c,
          serial_undead_c, serial_undead_b
D:5:      layout_basic, grunt_qazlal_sundering, bloody_makhleb,
          minmay_temple_entry_fiery, gammafunk_ghost_gnarly_gnolls,
          uniq_duvessa, uniq_ijyb
D:6:      layout_gridville, general_overflow_altar, okawaru_gym_becter,
          lemuel_doored_altar, kennysheep_mini_moat,
          mainiacjoe_overflow_small_starburst, cheibrodos_sewer_entry_bend,
          grunt_ministairs_2, hangedman_abyss_or_decor_stagger,
          kb_lookout_dungeons_type, minivault_23
D:7:      layout_loops_ring, gammafunk_ghost_necromancy, serial_bayou,
          serial_bayou_lake_a, serial_bayou_crossing, serial_bayou_pond_c,
          serial_bayou_shore_b, abandoned_shop

Skill      XL: |  1  2  3  4  5  6  7  8  9 |
---------------+----------------------------+-----
Armour         | 4 5 6 8 |  8.0
Fighting       | 4 5 6 8 |  8.0
Dodging        | 1 2 3 |  3.7
Maces & Flails | 3 4 5 6 |  6.9
Shields        | 4 5 |  5.5
Invocations    | 1 |  1.7

Action                   |  1- 3 |  4- 6 |  7- 9 || total
-------------------------+-------+-------+-------++-------
Melee: Flail             |   118 |       |       ||   118
       Whip              |       |   194 |   565 ||   759
Throw: Throwing net      |       |       |     2 ||     2
  Use: Potion            |       |     1 |     5 ||     6
       Scroll            |       |       |    10 ||    10
Armor: Scale mail        |    24 |       |       ||    24
       Crystal plate arm |    88 |   177 |   370 ||   635
Dodge: Dodged            |    15 |     6 |    32 ||    53
Block: Kite shield       |    68 |   106 |   429 ||   603
       Reflection        |       |       |     4 ||     4
